 Dungeon Sprint DCSS version 0.19-a0-376-gf780d9b (webtiles) character file.

32200000 namelastname112 the Axe Maniac (level 27, 322/323 HPs)
             Began as a Demonspawn Gladiator on May 30, 2016.
             Was the Champion of Makhleb.
             Escaped with the Orb!
             The game lasted 00:03:39 (161 turns).

namelastname112 the Axe Maniac (DsGl)                Turns: 161, Time: 00:03:40

Health: 322/323    AC: 10    Str: 24    XL:     27
Magic:  54/54      EV: 43    Int: 11    God:    Makhleb [******]
Gold:   0          SH:  4    Dex: 27    Spells: 0 memorised, 80 levels left

rFire  . . .     SeeInvis .     l - +∞ Axe of Woe
rCold  . . .     Gourm    .     b - +0 leather armour
rNeg   . . .     Faith    .     (shield currently unavailable)
rPois  .         Spirit   .     (helmet unavailable)
rElec  .         Dismiss  .     (no cloak)
rCorr  .         Reflect  .     (no gloves)
SustAt .         Harm     .     (no boots)
MR     ++...     NoTele   +     (no amulet)
Stlth  +++++.....               (no ring)
                                (no ring)

@: mighty, agile, mildly poisoned (322 -> 322), very slightly contaminated,
hasted, very quick, very resistant to hostile enchantments, quite stealthy
A: horns 3, large bone plates 3, nightstalker 3, powered by pain 3, robust 3
a: Minor Destruction, Lesser Servant of Makhleb, Major Destruction, Greater
Servant of Makhleb, Renounce Religion
0: Orb of Zot


You escaped.
You worshipped Makhleb.
Makhleb was exalted by your worship.
You were not hungry.

You visited 1 branch

Inventory:

Hand Weapons
 a - a +0 war axe
 l - the +∞ Axe of Woe (weapon)
   (You found it in the Dungeon)
Missiles
 d - 3 throwing nets (quivered)
Armour
 b - a +0 leather armour (worn)
 c - a +0 helmet
Scrolls
 k - a scroll of blinking
Potions
 e - a potion of curing
 i - 2 potions of magic
 j - a potion of berserk rage
Comestibles
 f - a bread ration


   Skills:
 O Level 27 Fighting
 O Level 27 Axes
 O Level 27 Throwing
 O Level 27 Armour
 O Level 27 Dodging
 O Level 27 Stealth
 O Level 27 Unarmed Combat
 O Level 27 Spellcasting
 O Level 27 Invocations


You had 80 spell levels left.
You didn't know any spells.

Dungeon Overview and Level Annotations

Branches:
Dungeon (1/1)

Altars:
Makhleb


Innate Abilities, Weirdness & Mutations

You have a pair of large horns on your head.
You are completely covered in large bone plates. (AC +4, SH +4)
You are completely attuned to the shadows.
You are powered by pain.
You are extremely robust. (+30% HP)


Message History

Items here: )))))))))))))))))) ================== †† You take 1 damage, and have 322/323 hp.
You slice the sculptor of flesh!!
You hew the sculptor of flesh savagely.
You destroy the sculptor of flesh!
Makhleb accepts your kill.
You feel better.
You slash the large abomination!
You butcher the large abomination messily.
You destroy the large abomination!
You slice the tyrant!!
You hew the tyrant savagely.
You destroy the tyrant!
Makhleb accepts your kill.
The large abomination disappears in a puff of smoke! x5
You hear a shout! x3
Health restored: 323 You feel sick.
You hear a shout! x4
There is a staircase leading out of the dungeon, spattered with blood here.
You take 1 damage, and have 322/323 hp.
You hear a shout! x6
You have escaped!

..... .. #....
.# . #... ..#
..###... ..###.
.......###%.....
..o...%._......
#)%...# #_)@._#
#))...#
.p.o.%_......
..%.§.###......
..###... ..###.
. #%.. ..# #...
.# ..... ..


You could see a bag of meat.

Vanquished Creatures
  Dispater (D)
  A hell knight (D)
  5 hell beasts (D)
  2 greater mummies (D)
  3 great orbs of eyes (D)
  6 wraiths (D)
  14 vampire knights (D)
  32 ogres (D)
  3 liches (D)
  A hydra (D)
  45 orcs (D)
  5 phantoms (D)
  5 hill giants (D)
  5 skeletal warriors (D)
  A sea snake (D)
  5 large abominations (D)
  6 crawling corpses (D)
140 creatures vanquished.

Vanquished Creatures (others)
  4 crawling corpses (D)
4 creatures vanquished.

Grand Total: 144 creatures vanquished

Notes
Turn   | Place    | Note
--------------------------------------------------------------
     0 | D        | namelastname112 the Demonspawn Gladiator began the quest for the Orb.
     0 | D        | Reached XP level 1. HP: 16/16 MP: 1/1
     3 | D        | Noticed a bag of meat
     3 | D        | Noticed a meat berserker
     4 | D        | Became a worshipper of Makhleb the Destroyer
     5 | D        | Noticed a meat berserker
     5 | D        | Killed a meat berserker
     5 | D        | Reached skill level 10 in Throwing
     5 | D        | Gained mutation: You are slightly more attuned to the shadows. [demonic ancestry]
     5 | D        | Reached XP level 2. HP: 39/39 MP: 2/2
     5 | D        | Gained mutation: You sometimes gain a little power by taking damage. [demonic ancestry]
     5 | D        | Reached XP level 3. HP: 45/45 MP: 3/3
     5 | D        | Reached XP level 4. HP: 52/52 MP: 4/4
     5 | D        | Reached XP level 5. HP: 58/58 MP: 5/5
     5 | D        | Gained mutation: You are partially covered in large bone plates. (AC +2, SH +2) [demonic ancestry]
     5 | D        | Reached XP level 6. HP: 65/65 MP: 6/6
     5 | D        | Gained mutation: You have a pair of small horns on your head. [demonic ancestry]
     5 | D        | Reached XP level 7. HP: 71/71 MP: 7/7
     5 | D        | Reached XP level 8. HP: 77/77 MP: 8/8
     5 | D        | Gained mutation: You have a pair of horns on your head. [demonic ancestry]
     5 | D        | Reached XP level 9. HP: 83/83 MP: 9/9
     5 | D        | Reached XP level 10. HP: 90/90 MP: 10/10
     5 | D        | Reached XP level 11. HP: 96/96 MP: 11/11
     5 | D        | Reached XP level 12. HP: 103/103 MP: 12/12
     5 | D        | Gained mutation: You have a pair of large horns on your head. [demonic ancestry]
     5 | D        | Reached XP level 13. HP: 109/109 MP: 13/13
     6 | D        | Noticed a bag of meat
     6 | D        | Noticed a bag of meat
     7 | D        | Killed a meat berserker
     7 | D        | Reached * piety under Makhleb
     7 | D        | Reached XP level 14. HP: 120/120 MP: 14/14
     8 | D        | Killed a bag of meat
     8 | D        | Reached skill level 15 in Fighting
     9 | D        | Noticed a bag of meat
    10 | D        | Noticed a bag of meat
    11 | D        | Killed a bag of meat
    11 | D        | Reached ** piety under Makhleb
    11 | D        | Reached XP level 15. HP: 102/130 MP: 15/15
    14 | D        | Noticed a meat berserker
    15 | D        | Noticed a meat berserker
    15 | D        | Reached *** piety under Makhleb
    16 | D        | Noticed a meat berserker
    17 | D        | Killed a meat berserker
    17 | D        | Reached skill level 27 in Axes
    17 | D        | Reached skill level 15 in Throwing
    17 | D        | Gained mutation: You are significantly more attuned to the shadows. [demonic ancestry]
    17 | D        | Reached XP level 16. HP: 145/145 MP: 16/16
    20 | D        | Killed a meat berserker
    20 | D        | Reached **** piety under Makhleb
    20 | D        | Reached skill level 5 in Armour
    20 | D        | Reached skill level 27 in Dodging
    20 | D        | Reached XP level 17. HP: 160/160 MP: 17/17
    23 | D        | Noticed a meat berserker
    25 | D        | Noticed a meat berserker
    25 | D        | Killed a meat berserker
    25 | D        | Reached ***** piety under Makhleb
    25 | D        | Reached skill level 27 in Fighting
    25 | D        | Reached skill level 10 in Armour
    25 | D        | Gained mutation: You are completely attuned to the shadows. [demonic ancestry]
    25 | D        | Reached XP level 18. HP: 182/182 MP: 18/18
    26 | D        | Noticed a meat berserker
    28 | D        | Killed a meat berserker
    28 | D        | Reached skill level 27 in Throwing
    28 | D        | Killed a meat berserker
    28 | D        | Reached XP level 19. HP: 104/189 MP: 19/19
    30 | D        | Noticed a destroyer
    30 | D        | Noticed a large bag of meat
    32 | D        | Noticed a meat berserker
    33 | D        | Killed a large bag of meat
    35 | D        | Noticed a large bag of meat
    35 | D        | Killed a meat berserker
    35 | D        | Reached skill level 27 in Armour
    36 | D        | Reached ****** piety under Makhleb
    38 | D        | Noticed a destroyer
    38 | D        | Killed a destroyer
    38 | D        | Gained mutation: You are mostly covered in large bone plates. (AC +3, SH +3) [demonic ancestry]
    38 | D        | Reached XP level 20. HP: 170/197 MP: 19/36
    38 | D        | Reached skill level 15 in Stealth
    38 | D        | Reached skill level 15 in Unarmed Combat
    38 | D        | Reached skill level 15 in Spellcasting
    40 | D        | Gained mutation: You are robust. (+10% HP) [demonic ancestry]
    40 | D        | Reached XP level 21. HP: 197/224 MP: 33/42
    40 | D        | Killed a destroyer
    41 | D        | Reached skill level 27 in Invocations
    42 | D        | epen: ЕБААААААТЬ
    45 | D        | Noticed a destroyer
    46 | D        | Noticed a destroyer
    46 | D        | epen: БИМ ВЕРНУЛСЯ
    46 | D        | Gained mutation: You are completely covered in large bone plates. (AC +4, SH +4) [demonic ancestry]
    46 | D        | Reached XP level 22. HP: 167/233 MP: 35/49
    47 | D        | Killed a destroyer
    47 | D        | Reached skill level 27 in Stealth
    48 | D        | Noticed a tyrant
    48 | D        | namelastname112: Да
    48 | D        | namelastname112: я гамме сказал сегодня
    48 | D        | namelastname112: чтобы он врубил уже
    49 | D        | Killed a destroyer
    49 | D        | Reached skill level 27 in Unarmed Combat
    49 | D        | Reached skill level 27 in Spellcasting
    53 | D        | Gained mutation: You sometimes gain power by taking damage. [demonic ancestry]
    53 | D        | Reached XP level 23. HP: 240/240 MP: 36/54
    56 | D        | Killed a tyrant
    58 | D        | crauler: о
    60 | D        | Gained mutation: You are very robust. (+20% HP) [demonic ancestry]
    60 | D        | Reached XP level 24. HP: 240/272 MP: 53/54
    61 | D        | Noticed a tyrant
    62 | D        | Noticed a destroyer
    63 | D        | Noticed a dread
    64 | D        | Noticed a destroyer
    65 | D        | Gained mutation: You are powered by pain. [demonic ancestry]
    65 | D        | Reached XP level 25. HP: 280/280 MP: 54/54
    66 | D        | Noticed a destroyer
    66 | D        | Noticed an accursed
    66 | D        | crauler: а демон не самый худший вариант
    67 | D        | Killed a dread
    68 | D        | epen: пора послушать один из лучших треков лизы
    68 | D        | Killed a destroyer
    68 | D        | epen: https://www.youtube.com/watch?v=tXHRN3nMarg
    68 | D        | namelastname112: демон лучший вариант
    68 | D        | namelastname112: потому что найтсталке
    68 | D        | namelastname112: р
    68 | D        | crauler: гнум?
    68 | D        | Reached XP level 26. HP: 290/290 MP: 54/54
    70 | D        | Killed a tyrant
    71 | D        | Killed a destroyer
    71 | D        | Gained mutation: You are extremely robust. (+30% HP) [demonic ancestry]
    71 | D        | Reached XP level 27. HP: 290/323 MP: 54/54
    71 | D        | Killed an accursed
    76 | D        | crauler: да ты охуел
    76 | D        | Killed a destroyer
    77 | D        | Noticed a destroyer
    77 | D        | Noticed a destroyer
    77 | D        | Noticed a meat beast
    78 | D        | Noticed a dread
    78 | D        | Killed a destroyer
    78 | D        | Killed a meat beast
    79 | D        | Noticed a destroyer
    80 | D        | Noticed a meat beast
    80 | D        | crauler: сейчас найду лучший трек
    81 | D        | Killed a destroyer
    82 | D        | Killed a meat beast
    83 | D        | Noticed a destroyer
    83 | D        | Killed a dread
    87 | D        | Killed a destroyer
    88 | D        | Noticed a destroyer
    89 | D        | Noticed a meat beast
    90 | D        | Killed a destroyer
    92 | D        | Killed a destroyer
    92 | D        | Killed a meat beast
    93 | D        | Noticed a dread
    99 | D        | epen: лол
    99 | D        | epen: вот лучший
    99 | D        | epen: https://www.youtube.com/watch?v=_owPIVUWj9o
   100 | D        | Noticed a meat beast
   100 | D        | Killed a dread
   102 | D        | Killed a meat beast
   110 | D        | Noticed a meat beast
   111 | D        | Killed a meat beast
   120 | D        | Noticed a dread
   123 | D        | Noticed a dread
   123 | D        | Killed a dread
   124 | D        | epen: чёто мутки так себе
   129 | D        | Killed a dread
   131 | D        | Noticed an accursed
   134 | D        | Killed an accursed
   135 | D        | Noticed a destroyer
   137 | D        | Noticed a fleshlord
   140 | D        | Killed a fleshlord
   141 | D        | crauler: вообще трудно назвать лучший
   144 | D        | Noticed a dread
   144 | D        | Killed a destroyer
   146 | D        | Noticed a destroyer
   147 | D        | Killed a dread
   148 | D        | Noticed a tyrant
   149 | D        | Noticed The Meatlord
   150 | D        | Noticed a fleshlord
   151 | D        | Killed a destroyer
   154 | D        | Killed The Meatlord
   155 | D        | Got the Orb of Zot
   157 | D        | Noticed a dread
   158 | D        | Killed a tyrant
   161 | D        | Escaped with the Orb!

Vault maps used:
D:        meatsprint

Skill      XL: |  1  2  3  4  5  6  7  8  9 10 11 12 13 14 15 16 17 18 19 20 21 22 |
---------------+-------------------------------------------------------------------+-----
Fighting       | 12 14 15 18 21 27 | 27.0
Axes           | 19 21 23 27 | 27.0
Throwing       | 10 12 13 15 18 23 27 | 27.0
Dodging        | 18 21 23 26 27 | 27.0
Armour         | 3 5 10 21 27 | 27.0
Stealth        | 13 18 25 27 | 27.0
Unarmed Combat | 12 17 23 27 | 27.0
Spellcasting   | 12 17 23 27 | 27.0
Invocations    | 17 23 27 | 27.0

Action                   |  1- 3 |  4- 6 |  7- 9 | 10-12 | 13-15 | 16-18 | 19-21 | 22-24 | 25-27 || total
-------------------------+-------+-------+-------+-------+-------+-------+-------+-------+-------++-------
Melee: Executioner's axe |     1 |       |       |       |     5 |     5 |    10 |    14 |    57 ||    92
  Use: Potion            |       |       |       |       |       |       |       |       |     2 ||     2
Armor: Leather armour    |       |       |       |       |       |       |       |       |     2 ||     2
Dodge: Dodged            |       |       |       |       |     1 |       |       |       |     6 ||     7
